 Dungeon Crawl Stone Soup version bcrawl-1.27.8b (webtiles) character file.

Game seed: 9475864852360210558

261054 LostNumber the Sneak (level 8, 0/60 HPs)
             Began as a Gnoll Archaeologist on Nov 1, 2020.
             Was a Follower of Ashenzari.
             Slain by an orc warrior
             ... wielding a +0 short sword
              (8 damage)
             ... on level 6 of the Dungeon.
             The game lasted 00:10:15 (4503 turns).

LostNumber the Sneak (Gnoll Archaeologist)          Turns: 4503, Time: 00:10:16

Health: 0/60       AC: 10    Str: 15    XL:     8   Next: 54%
Magic:  12/12      EV: 14    Int: 20    God:    Ashenzari [*.....]
Gold:   170        SH:  0    Dex: 13    Spells: 13/13 levels left

rFire    x . .     SeeInvis .   s - +6 mace of Flawed Execution {flame, rPois rF- Str+2} (curse)
rCold    . . .     Gourm    .   (no shield)
rNeg     + . .     Faith    .   p - +0 ring mail
rPois    +         Spirit   .   f - +1 hat
rElec    .         Reflect  .   k - scarf {clouds}
rCorr    .         Harm     .   m - +0 pair of gloves
MR       .....                  d - +1 pair of boots
Stlth    +++.......             (no amulet)
HPRegen  0.20/turn              w - ring "Fuos" {+Fly rN+}
MPRegen  0.13/turn              (no ring)

@: no status effects
A: distributed training, fangs 1, strong nose
a: Curse Item, Scrying, Renounce Religion, Evoke Fog, Evoke Flight


You were on level 6 of the Dungeon.
You worshipped Ashenzari.
Ashenzari was aware of your devotion.
You were not hungry.

You visited 1 branch of the dungeon, and saw 6 of its levels.

You collected 270 gold pieces.
You spent 100 gold pieces at shops.

Inventory:

Hand Weapons
 a - a +0 whip
 j - a +0 dagger
   (You took it off a goblin on level 1 of the Dungeon)
 q - a +0 mace
   (You found it on level 1 of the Dungeon)
 s - the cursed +6 mace of Flawed Execution (weapon) {flame, rPois rF- Str+2}
   (You took it off an orc on level 4 of the Dungeon)

   It has been specially enchanted to surge with flame as it hits, increasing
   damage dealt by approximately one third against foes not resistant or
   susceptible to fire.
   It affects your strength (+2).
   It makes you vulnerable to fire.
   It protects you from poison.
   It has a curse placed upon it.
 v - a +3 hand axe of freezing
   (You found it on level 2 of the Dungeon)
Armour
 b - a +1 robe
 d - a +1 pair of boots (worn)
 f - a +1 hat (worn)
 k - a scarf of clouds (worn)
   (You found it on level 1 of the Dungeon)
 m - a +0 pair of gloves (worn)
   (You found it on level 1 of the Dungeon)
 p - a +0 ring mail (worn)
   (You found it on level 1 of the Dungeon)
Jewellery
 w - the ring "Fuos" (left hand) {+Fly rN+}
   (You found it on level 2 of the Dungeon)

   [ring of flight]

   It protects you from negative energy.
   It lets you fly.
 C - an uncursed ring of flight
   (You found it on level 5 of the Dungeon)
Wands
 c - a wand of disintegration (3)
   (You took it off an orc priest on level 3 of the Dungeon)
 t - a wand of flame (25)
   (You found it on level 5 of the Dungeon)
 y - a wand of random effects (10)
   (You found it on level 4 of the Dungeon)
Scrolls
 g - 2 scrolls of magic mapping
 h - a scroll of enchant weapon
 n - a scroll of blinking
 o - 2 scrolls of teleportation {unknown}
 r - 7 scrolls of remove curse {@r2}
 u - 3 scrolls of immolation {!r}
 B - a scroll of enchant armour {unknown}
 D - a scroll of amnesia {unknown}
Potions
 i - 2 potions of curing {@q1}
 x - a potion of invisibility
 z - 2 potions of heal wounds {@q2}
 A - a potion of brilliance {unknown}
 E - a potion of might {unknown}
Comestibles
 e - 3 rations {!d!d}
 l - 5 chunks of flesh


   Skills:
 + Level 4.2 Fighting
 + Level 3.3 Short Blades
 + Level 3.3 Long Blades
 + Level 3.3 Axes
 + Level 4.2 Maces & Flails
 + Level 3.3 Polearms
 + Level 3.3 Staves
 + Level 3.3 Slings
 + Level 3.3 Bows
 + Level 3.3 Crossbows
 + Level 3.3 Throwing
 + Level 3.3 Armour
 + Level 7.4 Dodging
 + Level 7.4 Stealth
 + Level 3.3 Shields
 + Level 3.3 Unarmed Combat
 + Level 3.3 Spellcasting
 + Level 2.7 Conjurations
 + Level 2.7 Hexes
 + Level 2.7 Charms
 + Level 2.7 Summonings
 + Level 2.7 Necromancy
 + Level 2.7 Translocations
 + Level 2.7 Transmutations
 + Level 2.7 Fire Magic
 + Level 2.7 Ice Magic
 + Level 2.7 Air Magic
 + Level 2.7 Earth Magic
 + Level 2.7 Poison Magic
 + Level 3.6 Invocations
 + Level 3.3 Evocations


You had 13 spell levels left.
You didn't know any spells.
Your spell library contained the following spells:

 Spells                   Type           Power        Failure   Level  Hunger
 Shock                    Conj/Air       ##...        9%          1    None
 Swiftness                Chrm/Air       ##......     13%         2    #......
 Static Discharge         Air            ##......     26%         3    ####...
 Airstrike                Air            ##........   65%         4    #####..
 Lightning Bolt           Conj/Air       ##........   94%         5    ######.


Dungeon Overview and Level Annotations

Branches:
Dungeon (6/12)             Temple (0/1) D:5

Altars:
Ashenzari
Cheibriados
Dithmenos
Fedhas
Kikubaaqudgha
Ru

Shops:
D:4 !   D:5 (

Annotations:
D:4 exclusion: sky beast
D:6 2 exclusions


Innate Abilities, Weirdness & Mutations

Your experience applies equally to all skills.
You have very sharp teeth.
Your uncanny sense of smell can sniff out nearby items.


Message History

No target in view!
No target in view!
No target in view!
No target in view!
Found a stone staircase leading down.
An orc warrior comes into view. It is wielding a +0 short sword.
Some of the chunks of flesh in your inventory have rotted away.
An orc warrior is nearby!
The orc warrior shouts!
An orc priest comes into view.
An orc comes into view. It is wielding a +0 dagger.
You completely miss the orc warrior. The orc warrior barely misses you.
The orc priest shouts!
The orc shouts!
You hit the orc warrior but do no damage.
The orc warrior misses you.
You sock the orc priest! You burn the orc priest.
The orc warrior closely misses you.
The orc warrior hits you with a +0 short sword.
You thump the orc priest! You burn the orc priest.
You kill the orc priest!
The orc hits you but does no damage. The orc warrior barely misses you.
You barely miss the orc warrior. The orc closely misses you.
The orc warrior hits you with a +0 short sword!
You hit the orc warrior.
You bite the orc warrior, but do no damage.
The orc hits you but does no damage. The orc warrior closely misses you.
You barely miss the orc warrior.
You punch the orc warrior, but do no damage.
The orc barely misses you. The orc warrior barely misses you.
You hit the orc warrior. You burn the orc warrior. The orc closely misses you.
The orc warrior hits you but does no damage.
The orc misses you.
You hit the orc warrior but do no damage.
The orc warrior hits you with a +0 short sword!
The orc misses you. The orc warrior barely misses you.
You hit the orc warrior. You burn the orc warrior. The orc barely misses you.
The orc warrior hits you with a +0 short sword!
* * * LOW HITPOINT WARNING * * *
You hit the orc. You burn the orc. You hit the orc warrior.
You burn the orc warrior.
You hit the orc warrior but do no damage.
The orc warrior closely misses you.
You hit the orc warrior. You burn the orc warrior.
The orc warrior hits you with a +0 short sword!
* * * LOW HITPOINT WARNING * * *
The orc warrior hits you with a +0 short sword.
* * * LOW HITPOINT WARNING * * *
You barely miss the orc warrior.
The orc warrior hits you with a +0 short sword!
You die...

................#.##....<....>..#
######.##<##..#.................#
#....##..#########.#######.#
#.#####..# #.# #.. #.#
#..#########.# ### #.#
#......>.....# #.# #..###########
### #.# #..######## ..####.#
#..oo@....#
.......#####†.######.#
#....÷........# # ######.#####.##
#. ## ######.# #. .# ###.##.
#......# .. #.# #...... #.######
#.# #.# #...... #.# #. #.#
#...... #.# ##. ##.## #.....#


You could see an orc warrior and an orc.

Vanquished Creatures
  A hippogriff (D:4)
  Edmund (D:5)
  2 ogres (D:5)
  A phantom (D:4)
  A necrophage (D:5)
  2 scorpions (D:5)
  A wight (D:5)
  An electric eel (D:6)
  A howler monkey (D:5)
  2 orc priests
  4 hounds
  A centaur skeleton (D:5)
  A worker ant (D:6)
  A hound skeleton (D:6)
  8 adders
  A shadow imp (D:6)
  2 oozes (D:1)
  3 worms
  8 dart slugs
  3 leopard geckos
  12 orcs
  3 giant cockroaches (D:1)
  3 goblins
  10 hobgoblins
  5 jackals
  A quokka (D:3)
  A ball python (D:2)
  A bat (D:3)
  3 frilled lizards
  A jackal zombie (D:5)
  6 kobolds
  5 rats
96 creatures vanquished.

Notes
Turn   | Place    | Note
-------+----------+-------------------------------------------
     0 | D:1      | LostNumber the Gnoll Archaeologist began the quest for the
                  | Orb.
     0 | D:1      | Reached XP level 1. HP: 17/17 MP: 1/1
    69 | D:1      | Reached XP level 2. HP: 18/23 MP: 2/2
   557 | D:1      | Reached XP level 3. HP: 20/28 MP: 3/3
   881 | D:2      | Reached skill level 1 in Invocations
  1024 | D:2      | Got a crude steel ring
  1060 | D:2      | Reached skill level 1 in Short Blades
  1060 | D:2      | Reached skill level 1 in Long Blades
  1060 | D:2      | Reached skill level 1 in Axes
  1060 | D:2      | Reached skill level 1 in Polearms
  1060 | D:2      | Reached skill level 1 in Staves
  1060 | D:2      | Reached skill level 1 in Slings
  1060 | D:2      | Reached skill level 1 in Bows
  1060 | D:2      | Reached skill level 1 in Crossbows
  1060 | D:2      | Reached skill level 1 in Throwing
  1060 | D:2      | Reached skill level 1 in Armour
  1060 | D:2      | Reached skill level 1 in Shields
  1060 | D:2      | Reached skill level 1 in Unarmed Combat
  1060 | D:2      | Reached skill level 1 in Spellcasting
  1060 | D:2      | Reached skill level 1 in Evocations
  1139 | D:2      | Reached XP level 4. HP: 23/34 MP: 5/5
  1728 | D:4      | Noticed a sky beast
  1787 | D:4      | Identified the +6 mace of Flawed Execution {flame, rPois
                  | rF- Str+2}
  1850 | D:4      | Reached skill level 1 in Conjurations
  1850 | D:4      | Reached skill level 1 in Hexes
  1850 | D:4      | Reached skill level 1 in Charms
  1850 | D:4      | Reached skill level 1 in Summonings
  1850 | D:4      | Reached skill level 1 in Necromancy
  1850 | D:4      | Reached skill level 1 in Translocations
  1850 | D:4      | Reached skill level 1 in Transmutations
  1850 | D:4      | Reached skill level 1 in Fire Magic
  1850 | D:4      | Reached skill level 1 in Ice Magic
  1850 | D:4      | Reached skill level 1 in Air Magic
  1850 | D:4      | Reached skill level 1 in Earth Magic
  1850 | D:4      | Reached skill level 1 in Poison Magic
  1873 | D:4      | Noticed a hippogriff
  1928 | D:3      | Reached XP level 5. HP: 2/40 MP: 5/7
  1928 | D:3      | Identified a scroll of acquirement
  1929 | D:3      | Identified the +3 buckler of the Untouchables {-Cast rPois
                  | Str+4} (You acquired it on level 3 of the Dungeon)
  2357 | D:3      | Found a shattered altar of Ashenzari.
  2362 | D:3      | Found a sacrificial altar of Ru.
  2380 | D:3      | Found a snail-covered altar of Cheibriados.
  2381 | D:3      | Found a blossoming altar of Fedhas.
  2397 | D:3      | Became a worshipper of Ashenzari the Shackled
  2397 | D:3      | Identified the ring "Fuos" {+Fly rN+} (You found it on
                  | level 2 of the Dungeon)
  2627 | D:4      | Noticed a phantom
  2637 | D:4      | Killed a phantom
  2637 | D:4      | Reached XP level 6. HP: 32/47 MP: 8/8
  2769 | D:4      | Killed a hippogriff
  2769 | D:4      | Reached XP level 7. HP: 28/52 MP: 8/10
  2973 | D:4      | Found Hefaudghe's Distillery.
  2977 | D:4      | Bought 2 potions of heal wounds for 100 gold pieces
  3264 | D:5      | Entered Level 5 of the Dungeon
  3413 | D:5      | Found Yreucer's Weapon Shop.
  3534 | D:5      | Reached * piety under Ashenzari
  3548 | D:5      | Found a staircase to the Ecumenical Temple.
  3589 | D:5      | Noticed Edmund
  3604 | D:5      | Killed Edmund
  3607 | D:5      | Reached XP level 8. HP: 31/60 MP: 10/12
  3755 | D:5      | Found an ancient bone altar of Kikubaaqudgha.
  4156 | D:6      | Noticed a two-headed ogre
  4199 | D:6      | Found a shadowy altar of Dithmenos.
  4503 | D:6      | Slain by an orc warrior

Skill      XL: |  1  2  3  4  5  6  7  8 |
---------------+-------------------------+-----
Invocations    | 1 2 3 |  3.6
Short Blades   | 1 2 3 |  3.3
Long Blades    | 1 2 3 |  3.3
Axes           | 1 2 3 |  3.3
Polearms       | 1 2 3 |  3.3
Staves         | 1 2 3 |  3.3
Slings         | 1 2 3 |  3.3
Bows           | 1 2 3 |  3.3
Crossbows      | 1 2 3 |  3.3
Throwing       | 1 2 3 |  3.3
Armour         | 1 2 3 |  3.3
Shields        | 1 2 3 |  3.3
Unarmed Combat | 1 2 3 |  3.3
Spellcasting   | 1 2 3 |  3.3
Evocations     | 1 2 3 |  3.3
Conjurations   | 1 2 |  2.7
Hexes          | 1 2 |  2.7
Charms         | 1 2 |  2.7
Summonings     | 1 2 |  2.7
Necromancy     | 1 2 |  2.7
Translocations | 1 2 |  2.7
Transmutations | 1 2 |  2.7
Fire Magic     | 1 2 |  2.7
Ice Magic      | 1 2 |  2.7
Air Magic      | 1 2 |  2.7
Earth Magic    | 1 2 |  2.7
Poison Magic   | 1 2 |  2.7
Fighting       | 3 4 |  4.2
Maces & Flails | 3 4 |  4.2
Dodging        | 7 |  7.4
Stealth        | 7 |  7.4

Action                   |  1- 3 |  4- 6 |  7- 9 || total
-------------------------+-------+-------+-------++-------
Melee: Whip              |    19 |       |       ||    19
       Bite              |    12 |     5 |     9 ||    26
       Dagger            |   118 |       |       ||   118
       Hand axe          |     7 |    34 |       ||    41
       Mace              |       |    52 |   114 ||   166
       Punch             |       |       |     2 ||     2
Invok: Curse Item        |       |     1 |       ||     1
  Use: Scroll            |     1 |     1 |     6 ||     8
 Stab: Sleeping          |     9 |     8 |     3 ||    20
       Distracted        |       |       |     1 ||     1
  Eat: Chunk             |     4 |     7 |    10 ||    21
Armor: Robe              |     6 |       |       ||     6
       Ring mail         |    28 |    38 |    42 ||   108
Dodge: Dodged            |    99 |    55 |    92 ||   246
